Map: Last Remnant

Players

RuSe

  • Race: Protoss Protoss
  • Spawn Location: 7:00

FreedomX

  • Race: Protoss Protoss
  • Spawn Location: 6:00

elitesoulja

  • Race: Terran Terran
  • League: Platinum
  • Spawn Location: 9:00

Danno

  • Race: Protoss Protoss
  • Spawn Location: 6:00

JaySlays - Winner!

  • Race: Protoss Protoss
  • Spawn Location: 1:00

Wolf - Winner!

  • Race: Zerg Zerg
  • League: Diamond
  • Spawn Location: 12:00

HydraCMNDR - Winner!

  • Race: Zerg Zerg
  • League: Platinum
  • Spawn Location: 12:00

kingspadeopm - Winner!

  • Race: Zerg Zerg
  • League: Platinum
  • Spawn Location: 3:00

VOD

Have the link to the VOD?

Description

Time

  • Played on: April 3, 2018, 10:23 p.m.
  • Length: 5:27
Show
View Real Time Build Order
Export as new Build Order

RuSe Protoss 

Build Orders: Oracle Opening 

Get SALT Encoding   

  12  0:01  Probe  
  13  0:13  Probe  
  14  0:18  Pylon  
  14  0:26  Probe (Chrono Boost)  
  15  0:38  Probe (Chrono Boost)  
  15  0:40  Gateway  
  16  0:45  Assimilator  
  16  0:48  Probe (Chrono Boost)  
  17  0:58  Probe (Chrono Boost), Assimilator  
  18  1:09  Pylon, Probe (Chrono Boost)  
  19  1:14  Probe (Chrono Boost)  
  20  1:24  Probe  
  21  1:29  Cybernetics Core  
  21  1:36  Probe  
  22  1:40  Pylon  
  22  1:50  Probe  
  23  1:59  Zealot (Chrono Boost)  
  25  2:07  Stargate  
  25  2:17  Stargate  
  23  2:51  Oracle  
  23  2:55  Probe  
  27  3:00  Nexus  
  27  3:09  Oracle  
  30  3:15  Zealot  
  30  3:18  Pylon  
  32  3:28  Oracle  
  34  3:54  Zealot  
  24  4:07  Forge  
  24  4:11  Pylon  
  18  4:45  Photon Cannon  
  18  4:47  Photon Cannon  
Show
View Real Time Build Order
Export as new Build Order

FreedomX Protoss 

Build Orders: Nexus First 

Get SALT Encoding   

  12  0:02  Probe (Chrono Boost)  
  13  0:12  Probe (Chrono Boost)  
  14  0:17  Probe (Chrono Boost)  
  15  0:28  Pylon  
  15  0:46  Probe  
  16  0:59  Nexus  
  16  1:02  Probe (Chrono Boost)  
  17  1:15  Gateway  
  17  1:17  Assimilator  
  17  1:30  Probe  
  17  1:32  Assimilator  
  18  1:58  Probe  
  19  2:10  Probe  
  19  2:12  Zealot  
  22  2:18  Cybernetics Core  
  22  2:20  Gateway  
  22  2:23  Probe  
  22  2:24  Gateway  
  23  2:35  Probe (Chrono Boost), Pylon  
  24  2:46  Probe (Chrono Boost)  
  24  2:55  Stalker  
  26  3:15  Stalker x2  
  30  3:24  Shield Battery x2  
  30  3:28  Zealot  
  30  3:30  Probe (Chrono Boost)  
  31  3:40  Probe (Chrono Boost)  
  32  3:41  Pylon  
  32  3:45  Probe (Chrono Boost), Zealot  
  32  3:47  Stalker  
  37  3:55  Stalker  
  39  4:12  Stalker  
  41  4:17  Stalker  
  43  4:25  Stalker  
  45  4:45  Stalker (Chrono Boost)  
  47  4:47  Stalker (Chrono Boost)  
  41  5:00  Probe (Chrono Boost)  
  41  5:02  Stalker (Chrono Boost)  
  38  5:10  Probe (Chrono Boost)  
  24  5:15  Probe (Chrono Boost)  
Show
View Real Time Build Order
Export as new Build Order

elitesoulja Terran 

Build Orders:  

Get SALT Encoding   

  12  0:01  SCV  
  13  0:13  SCV  
  14  0:21  Supply Depot  
  14  0:25  SCV  
  15  0:31  Refinery  
  15  0:43  SCV  
  15  0:47  Barracks  
  16  0:55  SCV  
  17  1:07  SCV  
  18  1:17  Refinery  
  18  1:19  SCV  
  19  1:31  SCV  
  20  1:36  Barracks Reactor  
  20  1:42  Supply Depot  
  20  1:43  Orbital Command  
  18  2:10  SCV  
  19  2:40  Factory  
  19  2:42  Supply Depot  
  19  2:44  Supply Depot  
  19  2:46  Supply Depot  
  19  2:51  Supply Depot, Barracks Reactor  
  19  3:06  Supply Depot  
  19  3:07  SCV  
Show
View Real Time Build Order
Export as new Build Order

Danno Protoss 

Build Orders:  

Get SALT Encoding   

  12  0:04  Probe  
  13  0:16  Probe  
  14  0:28  Probe  
  14  0:34  Pylon  
  15  0:38  Assimilator  
  15  0:43  Assimilator  
  15  0:52  Probe (Chrono Boost)  
  16  1:02  Probe (Chrono Boost)  
  17  1:08  Probe (Chrono Boost)  
  18  1:17  Probe (Chrono Boost)  
  19  1:23  Probe  
  20  1:28  Gateway  
  20  1:35  Probe  
  20  1:36  Gateway  
  20  1:39  Forge  
  21  1:46  Pylon  
  21  1:47  Probe  
  22  1:59  Probe  
  23  2:20  Photon Cannon  
Show
View Real Time Build Order
Export as new Build Order

JaySlays Protoss - Winner!

Build Orders:  

Get SALT Encoding   

  12  0:01  Probe  
  13  0:13  Probe  
  14  0:23  Pylon  
  14  0:25  Probe  
  15  0:39  Assimilator  
  15  0:41  Probe  
  16  0:51  Gateway  
  16  0:53  Probe (Chrono Boost)  
  17  1:02  Probe (Chrono Boost)  
  18  1:07  Probe (Chrono Boost)  
  19  1:11  Assimilator  
  19  1:19  Probe  
  19  1:24  Gateway  
  20  1:31  Probe  
  21  1:40  Cybernetics Core  
  21  1:43  Probe  
  21  1:44  Pylon  
  22  1:55  Probe  
  23  2:07  Probe  
  24  2:10  Warp Gate (Chrono Boost)  
  24  2:14  Gateway  
  24  2:20  Probe  
  24  2:22  Stalker  
  27  2:31  Stalker  
  27  2:32  Probe  
  30  2:46  Pylon  
  30  3:04  Stalker x3  
  36  3:20  Gateway  
  36  3:21  Pylon  
  36  4:09  Gateway  
  36  4:17  Stalker  
  36  4:18  Stalker x2  
  42  4:34  Robotics Facility  
  42  4:39  Nexus  
  40  4:57  Stalker x3  
Show
View Real Time Build Order
Export as new Build Order

Wolf Zerg - Winner!

Build Orders: Hatch First 

Get SALT Encoding   

  12  0:02  Drone  
  13  0:08  Drone  
  14  0:18  Overlord  
  14  0:37  Drone  
  14  0:38  Drone x2  
  17  0:54  Hatchery  
  16  0:57  Drone  
  16  1:00  Drone  
  18  1:12  Extractor  
  17  1:18  Spawning Pool  
  17  1:22  Drone  
  17  1:24  Drone  
  18  1:36  Drone  
  19  1:42  Overlord  
  19  2:05  Zergling x4  
  21  2:09  Zergling x2  
  21  2:11  Queen x2  
  26  2:16  Metabolic Boost  
  26  2:23  Zergling x4  
  26  2:29  Zergling x2  
  29  2:31  Zergling x2  
  30  2:56  Zergling x6  
  30  2:57  Zergling x2  
  34  3:10  Zergling x4  
  36  3:22  Overlord  
  36  3:23  Overlord x3  
  34  4:02  Zergling x16  
  37  4:03  Zergling x8  
  41  4:15  Zergling x4  
  43  4:27  Lair  
  43  4:32  Drone  
  43  4:33  Drone x6, Baneling Nest  
Show
View Real Time Build Order
Export as new Build Order

HydraCMNDR Zerg - Winner!

Build Orders: Pool First 

Get SALT Encoding   

  12  0:23  Spawning Pool  
  12  0:25  Drone  
  12  0:37  Drone  
  12  0:38  Drone  
  12  0:42  Extractor  
  13  0:55  Overlord  
  13  0:56  Drone  
  14  1:14  Zergling x2  
  14  1:15  Zergling x2  
  14  1:17  Queen  
  18  1:20  Zergling x2  
  19  1:33  Zergling x2  
  20  1:47  Zergling x2  
  20  1:48  Metabolic Boost  
  21  1:59  Zergling x2  
  22  2:16  Hatchery  
  22  2:17  Zergling x2  
  22  2:27  Zergling x2  
  22  2:29  Overlord  
  21  2:44  Zergling x2  
  21  2:47  Zergling x2  
  21  2:50  Zergling x2  
  22  2:56  Zergling x2  
  23  3:02  Drone  
  23  3:21  Zergling x2  
  24  3:27  Zergling x2  
  24  3:34  Zergling x6  
  27  3:47  Zergling x2  
  26  3:53  Spore Crawler  
  23  3:59  Drone  
  23  4:00  Drone x3, Queen  
  23  4:01  Overlord  
  29  4:13  Zergling x4  
  30  4:27  Zergling x2  
  30  4:28  Zergling x8  
  30  4:33  Zergling x2  
  30  4:38  Drone  
  32  4:43  Queen  
  34  4:47  Drone  
  35  4:54  Drone  
  35  4:55  Drone  
  37  5:02  Drone  
Show
View Real Time Build Order
Export as new Build Order

kingspadeopm Zerg - Winner!

Build Orders: Hatch First 

Get SALT Encoding   

  12  0:08  Overlord  
  12  0:14  Drone  
  12  0:18  Drone  
  14  0:26  Drone  
  15  0:30  Drone  
  16  0:43  Drone  
  17  0:58  Drone  
  18  1:09  Drone, Hatchery  
  18  1:14  Drone  
  18  1:16  Extractor  
  18  1:23  Extractor  
  17  1:26  Drone, Spawning Pool  
  17  1:37  Drone  
  18  1:45  Drone  
  19  1:56  Drone  
  20  2:06  Drone  
  21  2:20  Queen  
  21  2:22  Queen  
  25  2:23  Drone  
  25  2:24  Drone  
  25  2:28  Drone  
  28  2:39  Overlord  
  28  2:42  Extractor  
  28  2:43  Overlord  
  27  2:45  Drone  
  28  3:08  Lair  
  28  3:12  Drone x2  
  30  3:13  Drone x3  
  30  3:16  Drone  
  34  3:24  Drone, Extractor  
  34  3:31  Drone  
  35  3:37  Drone x2  
  37  3:44  Drone x3  
  40  3:49  Drone  
  41  3:56  Drone  
  42  4:16  Spire, Overlord x3  
  41  4:21  Drone  
  42  4:25  Overlord x2  
  42  4:27  Drone x2  
  44  5:03  Overlord  
  44  5:15  Hatchery  
Tags
 
Add a new tag
Caveats
  • Supply blocks, unpowered buildings, or Contaminate may cause inaccurate times.
  • Supply counts are checked every 10 seconds.